 Dungeon Crawl Stone Soup version bcrawl-1.12.2 (webtiles) character file.

Game seed: 18036451998202323211

65 Ebbett the Stinger (level 4, -3/27 HPs)
             Began as an Octopode Venom Mage on July 22, 2019.
             Slain by an orc
             ... wielding a cursed +0 flail
              (4 damage)
             ... on level 2 of the Dungeon.
             The game lasted 00:06:14 (1729 turns).

Ebbett the Stinger (Octopode Venom Mage)            Turns: 1729, Time: 00:06:15

Health: -3/27      AC:  1    Str:  7    XL:     4   Next: 14%
Magic:  4/8        EV: 13    Int: 18    God:
Gold:   153        SH:  0    Dex: 12    Spells: 7/8 levels left

rFire    . . .     SeeInvis .   m - +2 short sword (venom)
rCold    . . .     Gourm    .   (no shield)
rNeg     . . .     Faith    .   (helmet restricted)
rPois    .         Spirit   .   (cloak restricted)
rElec    .         Reflect  .   (no amulet)
rCorr    .         Harm     .   (no ring)
MR       .....                  (no ring)
Stlth    +++.......             (no ring)
HPRegen  0.09/turn              (no ring)
MPRegen  0.11/turn              (no ring)
                                (no ring)
                                (no ring)
                                (no ring)

@: no status effects
A: almost no armour, stealthy swim, amphibious, 8 rings, constrict 8, camouflage
1, gelatinous body 1
a: no special abilities


You were on level 2 of the Dungeon.
You were not hungry.

You visited 1 branch of the dungeon, and saw 3 of its levels.

You collected 153 gold pieces.

Inventory:

Hand Weapons
 m - a +2 short sword of venom (weapon)
Jewellery
 i - an uncursed ring of stealth {unknown}
Scrolls
 a - a scroll of blinking {unknown}
 e - a scroll of magic mapping {unknown}
 f - a scroll of noise {unknown}
 g - a scroll of amnesia {unknown}
 k - a scroll of enchant armour {unknown}
 l - 2 scrolls of teleportation {unknown}
 n - a scroll of immolation {unknown}
Potions
 b - a potion of berserk rage
 c - a potion of degeneration
 h - a potion of haste {unknown}
Comestibles
 d - 10 rations {!d}
 j - 4 chunks of flesh


   Skills:
 + Level 0.2 Short Blades
 + Level 2.4 Dodging
 + Level 3.3 Stealth
 + Level 2.6 Spellcasting
 + Level 1.1 Conjurations
 + Level 4.6 Poison Magic


You had 7 spell levels left.
You knew the following spells:

 Your Spells              Type           Power        Failure   Level  Hunger
a - Sting                 Conj/Pois      ##..         4%          1    #......

Your spell library contained the following spells:

 Spells                   Type           Power        Failure   Level  Hunger
 Poisonous Vapours        Pois/Air       ##....       10%         2    ##.....
 Ignite Poison            Fire/Tmut/Pois #.......     26%         3    ###....
 Olgreb's Toxic Radiance  Pois           ###.....     26%         4    #####..
 Summon Scorpions         Summ/Pois      ##......     54%         4    #####..
 Venom Bolt               Conj/Pois      ##........   80%         5    ######.


Dungeon Overview and Level Annotations

Branches:
Dungeon (3/12)

Altars:


Innate Abilities, Weirdness & Mutations

You cannot wear most types of armour.
You are very stealthy in the water. (Stealth+)
You are amphibious.
You can wear up to eight rings at the same time.
You can use your tentacles to constrict eight enemies at once.
Your skin changes colour to match your surroundings (Stealth+).
Your rubbery body absorbs attacks. (AC +1, EV +1)


Message History

You can't go down here!
The orc hits you with a cursed +0 flail.
* * * LOW HITPOINT WARNING * * *
You climb upwards.
There is a stone staircase leading down here.
You hit the orc but do no damage. You grab the orc. You squeeze the orc.
The orc is moderately wounded.
You constrict the orc, but do no damage.
The orc hits you with a cursed +0 flail.
* * * LOW HITPOINT WARNING * * *
Casting: Sting (safe; 4% risk of failure)
Confirm with . or Enter, or press ? or * to list all spells.
Aiming: Sting (safe; 4% risk of failure)
Press: ? - help, Shift-Dir - straight line, f - orc
Aim: an orc, wielding a +0 flail and wearing a +0 chain mail (moderately wounded, constricted by you)
The sting hits the orc.
The orc appears unharmed.
The orc is moderately wounded.
You constrict the orc.
The orc hits you with a cursed +0 flail.
You die...

).#
#.##.##.#
#.# #.#
#.......#
##.## #.#
##.<.####
##.#.## #.#
#...#
#####.###.##
..# #...#
#....## ##.#
### ##.##
#.###.###.##
#.# #.#
##.#.##
#.#####.#
##.##
#>.o@...#
###
#######.#
#.# #.# #.#
#.# #.# #.#
#.#


You could see an orc.

Vanquished Creatures
  Robin (D:2)
  An ooze (D:2)
  A worm (D:2)
  3 dart slugs
  A leopard gecko (D:2)
  6 goblins
  8 hobgoblins
  A jackal (D:3)
  3 bats (D:2)
  2 frilled lizards (D:2)
  7 kobolds
  5 rats
39 creatures vanquished.

Notes
Turn   | Place    | Note
-------+----------+-------------------------------------------
     0 | D:1      | Ebbett the Octopode Venom Mage began the quest for the Orb.
     0 | D:1      | Reached XP level 1. HP: 11/11 MP: 3/3
   229 | D:1      | Reached skill level 4 in Poison Magic
   229 | D:1      | Reached XP level 2. HP: 4/17 MP: 1/5
   917 | D:2      | Reached XP level 3. HP: 3/21 MP: 2/6
  1335 | D:2      | Found a faded altar of an unknown god.
  1349 | D:2      | Noticed Robin
  1365 | D:2      | Killed Robin
  1365 | D:2      | Reached XP level 4. HP: 21/27 MP: 2/7
  1728 | D:2      | HP: 1/27 [orc/cursed +0 flail (3)]
  1729 | D:2      | Slain by an orc

Skill      XL: |  1 |
---------------+----+-----
Poison Magic   | 4 |  4.6
Short Blades   | |  0.2
Dodging        | |  2.4
Stealth        | |  3.3
Spellcasting   | |  2.6
Conjurations   | |  1.1

Action                   |  1- 3 |  4- 6 || total
-------------------------+-------+-------++-------
Melee: Constrict         |     4 |     2 ||     6
       Dagger            |     1 |       ||     1
       Spear             |    15 |       ||    15
       Short sword       |     6 |     4 ||    10
       Tentacles         |     1 |     1 ||     2
 Cast: Sting             |    42 |     9 ||    51
  Eat: Chunk             |     2 |     1 ||     3
Armor: Skin              |     4 |       ||     4
Dodge: Dodged            |    26 |     3 ||    29
